Map: Acropolis LE

Players

NewYork

  • Race: Protoss Protoss
  • League: Platinum
  • Spawn Location: 5:00

Smeeeger - Winner!

  • Race: Zerg Zerg
  • League: Platinum
  • Spawn Location: 11:00

VOD

Have the link to the VOD?

Description

Time

  • Played on: July 18, 2019, 11:19 a.m.
  • Length: 10:11
Show
View Real Time Build Order
Export as new Build Order

NewYork Protoss 

Build Orders: Nexus First 

Get SALT Encoding   

  12  0:00  Probe  
  13  0:13  Probe  
  14  0:18  Pylon  
  14  0:24  Probe  
  15  0:33  Probe  
  15  0:41  Probe  
  17  0:51  Probe  
  18  1:02  Probe  
  18  1:04  Nexus  
  18  1:10  Probe  
  20  1:19  Forge  
  20  1:20  Probe  
  21  1:32  Probe  
  22  1:41  Gateway  
  22  1:44  Probe  
  22  1:46  Assimilator  
  23  1:56  Photon Cannon  
  23  2:06  Pylon  
  23  2:07  Pylon  
  23  2:14  Assimilator  
  24  2:15  Probe  
  24  2:18  Probe  
  25  2:27  Probe, Photon Cannon  
  26  2:30  Probe  
  27  2:39  Probe  
  27  2:42  Probe  
  29  2:51  Cybernetics Core  
  29  2:52  Probe  
  30  2:59  Cybernetics Core  
  30  3:00  Probe  
  30  3:02  Probe  
  32  3:08  Probe, Pylon  
  32  3:10  Probe  
  32  3:17  Probe  
  32  3:18  Probe  
  36  3:27  Probe  
  36  3:30  Probe  
  36  3:32  Photon Cannon  
  38  3:35  Warp Gate  
  38  3:40  Probe x2  
  39  3:42  Photon Cannon  
  40  3:48  Probe  
  40  3:52  Probe, Robotics Facility  
  42  3:56  Probe  
  42  3:58  Assimilator  
  42  4:01  Assimilator  
  43  4:04  Probe  
  43  4:08  Probe  
  43  4:09  Gateway  
  45  4:12  Gateway  
  45  4:14  Probe  
  46  4:18  Probe  
  46  4:20  Pylon  
  46  4:22  Probe  
  47  4:26  Probe  
  47  4:30  Probe  
  49  4:35  Probe  
  49  4:38  Observer  
  51  4:42  Probe  
  51  4:44  Stargate  
  53  4:46  Protoss Ground Weapons Level 1, Stargate  
  53  4:47  Probe  
  53  4:52  Observer  
  54  4:54  Probe  
  54  4:58  Stalker  
  54  4:59  Probe  
  59  5:06  Probe  
  60  5:11  Probe  
  61  5:18  Probe  
  61  5:19  Void Ray x2  
  46  5:23  Probe  
  37  5:31  Probe  
  46  5:35  Probe  
  46  5:39  Immortal  
  50  5:43  Probe, Stalker x3  
  50  5:47  Probe  
  33  6:09  Zealot x3  
  39  6:37  Pylon  
  39  6:40  Photon Cannon  
  39  6:51  Void Ray  
  32  7:03  Zealot  
  32  7:07  Probe  
  31  7:15  Probe  
  32  7:23  Probe  
  33  7:31  Probe  
  34  7:40  Probe  
  35  7:46  Stalker  
  37  7:52  Probe  
  38  8:00  Gateway  
  38  8:10  Pylon  
  23  8:42  Probe  
  23  8:47  Pylon  
  24  8:54  Probe  
  25  9:06  Probe  
  26  9:16  Probe  
  19  9:24  Probe  
  19  9:25  Pylon  
  19  9:27  Pylon  
  20  9:32  Probe  
  20  9:34  Pylon  
  21  9:45  Probe  
  22  9:51  Gateway  
  22  9:57  Probe  
Show
View Real Time Build Order
Export as new Build Order

Smeeeger Zerg - Winner!

Build Orders: Hatch First 

Get SALT Encoding   

  12  0:01  Drone  
  13  0:16  Drone  
  13  0:17  Overlord  
  14  0:36  Drone x2  
  14  0:38  Drone  
  17  0:49  Drone  
  18  0:59  Hatchery  
  17  1:05  Drone, Extractor  
  17  1:19  Drone, Spawning Pool  
  17  1:21  Drone  
  18  1:35  Drone  
  19  1:43  Overlord  
  19  2:11  Queen x2  
  19  2:12  Zergling x6  
  26  2:16  Metabolic Boost  
  26  2:30  Drone x3  
  29  2:46  Hatchery  
  29  2:47  Queen  
  30  2:53  Drone x3  
  30  2:57  Overlord  
  31  3:24  Drone  
  31  3:26  Drone x3  
  35  3:53  Drone x4  
  35  3:55  Overlord x2, Extractor  
  38  3:56  Extractor  
  37  4:07  Zergling x2  
  37  4:08  Zergling x16  
  46  4:12  Drone, Baneling Nest  
  46  4:14  Queen  
  48  4:18  Drone x2  
  50  4:29  Zergling x16  
  58  4:43  Drone x4  
  62  4:51  Overlord  
  62  4:52  Overlord  
  62  4:54  Lair  
  62  4:56  Baneling x5  
  62  4:57  Baneling x2  
  62  5:02  Baneling x2  
  56  5:28  Zergling x22  
  58  5:34  Baneling x5  
  58  5:35  Baneling x2  
  64  5:37  Zergling x2  
  64  5:42  Drone x2  
  63  6:03  Zergling x12  
  64  6:19  Baneling x13  
  64  6:23  Spore Crawler  
  63  6:26  Drone x5  
  68  6:39  Centrifical Hooks  
  54  7:09  Baneling x6  
  54  7:10  Baneling x2, Zergling x6  
  54  7:11  Zergling x24  
  69  7:25  Hatchery, Spore Crawler, Extractor  
  69  7:27  Spore Crawler, Drone  
  69  7:28  Drone x2  
  68  7:38  Pneumatized Carapace  
  68  7:39  Drone x2  
  68  7:41  Drone  
  71  7:51  Overlord x2  
  71  7:52  Overlord x4  
  71  7:56  Hatchery  
  60  8:25  Queen x3  
  59  8:31  Spore Crawler  
  59  8:33  Spore Crawler  
  56  8:40  Zergling x32  
  56  8:41  Zergling x6  
  73  8:43  Spore Crawler  
  73  8:46  Queen  
  73  8:48  Zergling x18  
  83  8:54  Hydralisk Den  
  82  9:17  Baneling x3  
  82  9:18  Baneling x9  
  82  9:22  Zergling x2  
  82  9:23  Zergling x28  
  97  9:25  Baneling x2  
  97  9:26  Baneling  
  97  9:33  Drone x3  
  97  9:34  Drone  
Tags
 
Add a new tag
Caveats
  • Supply blocks, unpowered buildings, or Contaminate may cause inaccurate times.
  • Supply counts are checked every 10 seconds.